AoeStats
← LABRUTTI

Arabia

509301314Analyzed
2v2 RM · 6d ago on Sep 26, 2026· 29m 39s· 4 players
Game mode
Random Map
Map size
Medium (4 player)
Population
200
Speed
Normal
Resources
Standard
Victory
Conquest
Starting age
Dark Age
Ending age
Imperial Age
RankedLock teamsTeams togetherTeam positionsShared explorationLock speedFull tech treeHidden civsTurbo modeCheats
Victory
Defeat
🇫🇷 Wei · France
1278
+15
🇫🇷 Danes · France
1217
+18
🇨🇴 Berbers · Colombia
1279
-17
🇹🇼 Koreans · Taiwan
1242
-16
BøM_guabao
8:07 Loom
10:16 Feudal Age
17:55 Double-Bit Axe
26:27 Castle Age
25:27 Fletching
27:37 Bodkin Arrow
jairogut
5:06 Loom
10:19 Feudal Age
15:03 Double-Bit Axe
16:41 Fletching
17:23 Padded Archer Armor
28:22 Castle Age
28:42 Bloodlines
Le zigouilleur²
6:02 Loom
9:15 Feudal Age
9:18 Man-at-Arms
13:32 Double-Bit Axe
19:46 Castle Age
17:50 Horse Collar
18:33 Scale Mail Armor
18:53 Forging
19:19 Arson
20:52 Bow Saw
21:13 Chain Mail Armor
21:08 Heavy Plow
22:37 Squires
23:26 Gold Mining
27:07 Wheelbarrow
29:32 Iron Casting
LABRUTTI
6:03 Loom
9:14 Feudal Age
9:50 Double-Bit Axe
15:38 Horse Collar
17:03 Gold Mining
19:56 Castle Age
18:53 Fletching
19:30 Padded Archer Armor
19:38 Scale Barding Armor
20:14 Bloodlines
20:57 Husbandry
21:28 Bodkin Arrow
23:04 Gold Shaft Mining
23:43 Thumb Ring
24:56 Ballistics
25:30 Leather Archer Armor
Connection lost

Rejoining the realm…

Still unreachable

The connection could not be restored.

Session expired

The server has moved on; the page needs a fresh start.